 Dungeon Crawl Stone Soup version 0.29-a0-1047-g7c58e119a4 (webtiles) character file.

Game seed: 3516174091166223592

1945 siradein the Changer (level 9, -1/93 HPs)
             Began as an Octopode Transmuter on Aug 17, 2022.
             Was an Initiate of Gozag.
             Succumbed to a scorpion's poison
             ... on level 6 of the Dungeon.
             The game lasted 00:13:15 (6643 turns).

siradein the Changer (Octopode Transmuter)          Turns: 6643, Time: 00:13:16

Health: -1/93      AC: 28    Str:  9    XL:     9   Next: 18%
Magic:  16/16      EV:  2    Int: 20    God:    Gozag
Gold:   460        SH:  0    Dex: 12    Spells: 7/17 levels left

rFire   . . .      SeeInvis .   i - +2 dagger (freeze)
rCold   . . .      Faith    .   (no shield)
rNeg    . . .      Spirit   .   (helmet currently unavailable)
rPois   +          Reflect  .   (no amulet)
rElec   .          Harm     .   f - +4 ring of protection
rCorr   .          Rampage  .   v - ring of flight
Will    .....      NoTele   +   (no ring)
Stlth   ++........              (no ring)
HPRegen 0.25/turn               (no ring)
MPRegen 0.15/turn               (no ring)
                                (no ring)
                                (no ring)

@: lethally poisoned (-1 -> -7), tree-form, wereblooded (expiring)
A: stationary, stasis, torment immunity, boosted hp, almost no armour,
(amphibious), 8 rings, (camouflage 1), (gelatinous body 1), (nimble swimmer 1),
(tentacles)
a: Renounce Religion, Potion Petition, Call Merchant, Bribe Branch


You were on level 6 of the Dungeon.
You worshipped Gozag.
Gozag was aware of your devotion.
You were a tree.
You visited 2 branches of the dungeon, and saw 7 of its levels.

You collected 581 gold pieces.
You paid 121 gold pieces to Gozag.

Inventory:

Hand Weapons
 i - a +2 dagger of freezing (weapon)
Missiles
 w - a throwing net
Jewellery
 f - a +4 ring of protection (left branch)
 v - a ring of flight (right branch)
Wands
 t - a wand of polymorph (3)
Scrolls
 b - 3 scrolls of immolation {unknown}
 c - 4 scrolls of teleportation
 d - 2 scrolls of butterflies {unknown}
 e - 2 scrolls of identify {unknown}
 g - a scroll of noise {unknown}
 j - a scroll of blinking {unknown}
 l - a scroll of amnesia {unknown}
 o - a scroll of vulnerability {unknown}
Potions
 a - a potion of lignification
 h - a potion of attraction {unknown}
 k - 2 potions of degeneration {unknown}
 m - a potion of ambrosia {unknown}
 n - 3 potions of heal wounds {unknown}
 p - a potion of curing {unknown}
 q - a potion of haste {unknown}
 r - 2 potions of brilliance {unknown}
 s - a potion of invisibility {unknown}
 u - a potion of resistance {unknown}


   Skills:
 + Level 5.8 Fighting
 + Level 2.4 Dodging
 + Level 1.6 Stealth
 + Level 3.3 Unarmed Combat
 + Level 4.8 Spellcasting
 + Level 6.2 Transmutations
 + Level 4.0 Ice Magic
 - Level 5.0 Poison Magic


You had 7 spell levels left.
You knew the following spells:

 Your Spells              Type           Power      Damage    Failure   Level
a - Beastly Appendage     Tmut           58%        N/A       1%          1
b - Wereblood             Tmut           29%        N/A       1%          2
c - Spider Form           Tmut/Pois      27%        N/A       3%          3
d - Ice Form              Ice/Tmut       25%        N/A       14%         4

Your spell library contained the following spells:

 Spells                   Type           Power      Damage    Failure   Level
 Ozocubu's Armour         Ice            21%        N/A       7%          3
 Slow                     Hex            16%        N/A       12%         1
 Sublimation of Blood     Necr           4%         N/A       19%         2
 Confusing Touch          Hex            4%         N/A       34%         3
 Vampiric Draining        Necr           4%         2d6       34%         3
 Metabolic Englaciation   Hex/Ice        6%         N/A       82%         5
 Summon Hydra             Summ           2%         N/A       100%        7
 Simulacrum               Ice/Necr       Unusable   N/A       N/A         6

Dungeon Overview and Level Annotations

Branches:
Dungeon (6/15)             Temple (1/1) D:5

Altars:
Cheibriados
Elyvilon
Fedhas
Gozag
Hepliaklqana
Kikubaaqudgha
Nemelex Xobeh
Okawaru
Qazlal
Ru
Sif Muna
Trog
Xom
Yredelemnul
The Shining One

Shops:
D:3 !


Innate Abilities, Weirdness & Mutations

You are a tree.
Your roots penetrate the ground, keeping you stationary.
You cannot be teleported.
You are immune to unholy pain and torment.
Your maximum health is greatly increased.
You cannot wear most types of armour.
((You are amphibious.))
You can wear up to eight rings at the same time.
((Your skin changes colour to match your surroundings (Stealth+).))
((Your rubbery body absorbs attacks. (AC +1, EV +1)))
((You are camouflaged when in or above water. (Stealth+)))
((You have tentacles for arms and can constrict up to eight enemies at once.))


Message History

Found 17 gold pieces, a brown potion and a robe.
You feel sick.
You feel sick.
You are no longer poisoned.
Found a stone staircase leading up.
You howl as the wereblood boils in your veins!
You howl as the wereblood boils in your veins!
You howl as the wereblood boils in your veins!
Found 11 gold pieces.
Your primal bloodlust is almost over.
A scorpion comes into view.
Your transformation is almost over.
The scorpion stings you.
* * * LOW HITPOINT WARNING * * *
You are lethally poisoned!
The scorpion poisons you!
You hit the scorpion but do no damage. You grab the scorpion.
You squeeze the scorpion!
The scorpion is heavily wounded.
You constrict the scorpion.
* * * LOW HITPOINT WARNING * * *
You feel very sick. The scorpion stings you.
* * * LOW HITPOINT WARNING * * *
Really quaff the potion of lignification?
Your tentacle spike disappears.
You turn into a tree.
Your roots penetrate the ground.
You lose your grip on the scorpion.
* * * LOW HITPOINT WARNING * * *
You feel sick.
The scorpion stings you but does no damage.
The scorpion completely misses you.
Casting: Beastly Appendage (safe; 1% risk of failure)
Confirm with . or Enter, or press ? or * to list all spells.
You are stuck in your current form!
You hit the scorpion. You freeze the scorpion.
The scorpion is severely wounded.
You creak as the wereblood boils in your veins!
You die...
Your body crumbles into a pile of gold.

###.#..$#
....#...##.#
........##.##
...#....##...
..##.#####..#
..##.# #..# ..##.#
#.$# ..##.#
#..######
#.##.#####......♣#
#..........#####s#
####.####### #...
...# #.### #####
#.# ###


You could see a scorpion.

Vanquished Creatures
  Sigmund (D:3)
  Eustachio (D:6)
  An ice beast (D:5)
  3 ogres
  2 phantoms
  A bullfrog (D:6)
  5 necrophages (D:5)
  3 scorpions
  4 hounds
  3 jellies
  Jessica (D:3)
  3 iguanas
  Natasha (thrice) (D:3)
  Terence (D:2)
  4 gnolls
  4 adders
  2 white imps (D:5)
  2 ufetubi (D:5)
  3 worms (D:2)
  5 dart slugs
  12 orcs
  8 ball pythons
  6 endoplasms
  4 giant cockroaches
  3 goblins
  7 hobgoblins
  2 jackals (D:1)
  4 kobolds
  2 quokkas
  7 bats
  A frilled lizard (D:1)
  6 rats
114 creatures vanquished.

Notes
Turn   | Place    | Note
-------+----------+-------------------------------------------
     0 | D:1      | siradein the Octopode Transmuter began the quest for the
                  | Orb.
     0 | D:1      | Reached XP level 1. HP: 13/13 MP: 3/3
   115 | D:1      | Reached XP level 2. HP: 13/18 MP: 3/5
   282 | D:1      | Reached XP level 3. HP: 12/24 MP: 4/6
   525 | D:1      | Learned a level 2 spell: Wereblood
  1255 | D:2      | Reached skill level 3 in Transmutations
  1688 | D:2      | Reached XP level 4. HP: 30/30 MP: 5/7
  1880 | D:2      | Noticed Terence
  1892 | D:2      | Killed Terence
  1979 | D:2      | Learned a level 3 spell: Spider Form
  2124 | D:2      | Found a faded altar of an unknown god.
  2156 | D:2      | Reached XP level 5. HP: 36/36 MP: 6/8
  2575 | D:3      | Noticed Sigmund
  2583 | D:3      | Found Ruumi's Distillery.
  2689 | D:3      | Reached skill level 1 in Poison Magic
  2975 | D:3      | Killed Sigmund
  2976 | D:3      | Reached skill level 4 in Transmutations
  2976 | D:3      | Reached XP level 6. HP: 29/43 MP: 3/10
  3169 | D:3      | Noticed Jessica
  3174 | D:3      | Killed Jessica
  3206 | D:3      | Learned a level 4 spell: Ice Form
  3241 | D:3      | Noticed Natasha
  3250 | D:3      | Killed Natasha
  3277 | D:3      | Noticed Natasha
  3284 | D:3      | Killed Natasha
  3535 | D:3      | Noticed Natasha
  3541 | D:3      | Killed Natasha
  3750 | D:3      | Found Ruumi's Distillery.
  4053 | D:4      | Reached XP level 7. HP: 43/48 MP: 11/11
  4112 | D:4      | Reached skill level 1 in Ice Magic
  4736 | D:4      | Found a hazy altar of Hepliaklqana.
  4814 | D:5      | Entered Level 5 of the Dungeon
  4814 | D:5      | Found a staircase to the Ecumenical Temple.
  4834 | Temple   | Entered the Ecumenical Temple
  4883 | Temple   | Became a worshipper of Gozag Ym Sagoz the Greedy
  4942 | D:5      | Reached skill level 5 in Transmutations
  4981 | D:5      | Found a blossoming altar of Fedhas.
  5038 | D:5      | Reached XP level 8. HP: 50/54 MP: 11/13
  5455 | D:5      | Reached skill level 5 in Fighting
  5788 | D:5      | Reached skill level 5 in Poison Magic
  5810 | D:5      | Reached skill level 6 in Transmutations
  6109 | D:5      | Found a snail-covered altar of Cheibriados.
  6483 | D:6      | Reached XP level 9. HP: 61/61 MP: 14/16
  6559 | D:6      | Noticed Eustachio
  6591 | D:6      | Killed Eustachio
  6592 | D:6      | Reached skill level 1 in Stealth
  6641 | D:6      | HP: 1/62 [scorpion (3)]
  6643 | D:6      | Succumbed to a scorpion's poison

Illustrated notes

Levels and vault maps discovered:
D:1:      psy_arrival_whirlpool, layout_basic, kennysheep_boxes
D:2:      layout_basic, ebering_ecumenical_altar_sacrificial, serial_rivers,
          chequers_serial_rivers_small_b, chequers_serial_rivers_small_a,
          chequers_serial_rivers_micro_e, chequers_serial_rivers_micro_c,
          minmay_misc_feat_pillars, minmay_pentomino_z4, uniq_terence
D:3:      layout_loops_cross, serial_shops, nicolae_shop_crystal, uniq_natasha,
          uniq_sigmund, uniq_jessica
D:4:      layout_loops_ring, kennysheep_little_box
D:5:      minmay_recursive_quarters, layout_gridville, fedhas_altar_2,
          kennysheep_slug_shrine, minmay_temple_entry_stoned_glass,
          palyth_stone_intersect
D:6:      layout_basic, marbit_many_paths, portal_sewer_entry_f, minmay_between,
          uniq_grinder, uniq_eustachio
Temple:   cyrus_circular_temple

Skill      XL: |  1  2  3  4  5  6  7  8  9 |
---------------+----------------------------+-----
Fighting       | 2 3 4 5 |  5.8
Transmutations | 3 4 5 6 |  6.2
Poison Magic   | 2 4 5 |  5.0
Spellcasting   | 3 4 |  4.8
Ice Magic      | 2 3 4 |  4.0
Stealth        | 1 |  1.6
Dodging        | |  2.4
Unarmed Combat | |  3.3

Action                   |  1- 3 |  4- 6 |  7- 9 || total
-------------------------+-------+-------+-------++-------
Melee: Unarmed           |    51 |     8 |    79 ||   138
       Constrict         |    20 |    22 |    24 ||    66
       Kick              |    27 |    25 |    41 ||    93
       Tentacles         |    10 |    25 |    40 ||    75
       Punch             |     2 |     3 |       ||     5
       Dagger            |     8 |    90 |   119 ||   217
 Cast: Beastly Appendage |    18 |    24 |    22 ||    64
       Spider Form       |       |     1 |     6 ||     7
       Wereblood         |       |       |     3 ||     3
  Use: Scroll            |       |     1 |       ||     1
       Potion            |       |       |     1 ||     1
 Stab: Sleeping          |     6 |     3 |     2 ||    11
       Distracted        |       |       |     2 ||     2
Armor: Skin              |    10 |    19 |    30 ||    59
Dodge: Dodged            |    31 |    63 |   138 ||   232

Table legend: (Time is in decaauts)
 A = Elapsed time spent in this place.
 B = Non-inter-level travel time spent in this place.
 C = Inter-level travel time spent in this place.
 D = Time resting spent in this place.
 E = Time spent auto-exploring this place.
 F = Levels seen in this place.
 G = Mean time per level.
                   A        B        C        D        E       F      G
               +--------+--------+--------+--------+--------+-----+--------+
         Total |   6633 |   6508 |    125 |      0 |   5408 |   7 |  947.6 |
       Dungeon |   6568 |   6457 |    111 |      0 |   5377 |   6 | 1094.7 |
        Temple |     64 |     50 |     14 |      0 |     31 |   1 |   64.0 |
               +--------+--------+--------+--------+--------+-----+--------+

Top non-repeatable levels by time:
     D:5: 1515 daAuts
     D:3: 1480 daAuts
     D:2: 1297 daAuts
     D:1: 1247 daAuts
     D:4: 783 daAuts
     D:6: 244 daAuts
  Temple: 64 daAuts
